Map: Backwater LE

Players

eco - Winner!

  • Race: Protoss Protoss
  • League: Diamond
  • Spawn Location: 5:00

axu

  • Race: Protoss Protoss
  • League: Platinum
  • Spawn Location: 11:00

VOD

Have the link to the VOD?

Description

Time

  • Played on: March 7, 2018, 3 p.m.
  • Length: 5:10
Show
View Real Time Build Order
Export as new Build Order

eco Protoss - Winner!

Build Orders:  

Get SALT Encoding   

  12  0:03  Probe  
  13  0:15  Probe  
  13  0:20  Pylon  
  14  0:28  Probe  
  15  0:40  Probe  
  15  0:41  Gateway  
  16  0:52  Assimilator  
  16  0:54  Probe  
  17  1:05  Assimilator  
  17  1:06  Probe  
  18  1:18  Probe  
  19  1:28  Cybernetics Core  
  19  1:30  Probe  
  20  1:32  Gateway  
  20  1:42  Probe  
  20  1:45  Pylon  
  21  1:55  Probe  
  22  2:03  Warp Gate (Chrono Boost)  
  22  2:07  Probe  
  23  2:09  Robotics Facility  
  23  2:22  Gateway  
  23  2:28  Stalker  
  25  2:38  Stalker  
  27  2:54  Pylon  
  27  2:58  Stalker  
  29  3:08  Pylon  
  29  3:17  Pylon  
  29  3:18  Immortal (Chrono Boost)  
  33  3:45  Stalker x2  
  36  3:58  Probe  
  37  4:31  Stalker x3  
  37  4:57  Stalker x3  
Show
View Real Time Build Order
Export as new Build Order

axu Protoss 

Build Orders:  

Get SALT Encoding   

  12  0:01  Probe  
  13  0:13  Probe  
  14  0:19  Pylon  
  14  0:25  Probe  
  15  0:38  Probe  
  15  0:41  Gateway  
  16  0:50  Probe (Chrono Boost)  
  16  0:52  Assimilator  
  17  1:01  Probe (Chrono Boost)  
  18  1:06  Probe (Chrono Boost)  
  18  1:07  Assimilator  
  19  1:14  Gateway  
  19  1:19  Probe (Chrono Boost)  
  20  1:27  Pylon  
  20  1:54  Cybernetics Core  
  20  2:02  Probe  
  21  2:16  Nexus  
  21  2:17  Pylon  
  21  2:32  Adept x2  
  25  2:37  Probe  
  25  2:38  Warp Gate (Chrono Boost)  
  26  2:49  Probe  
  27  2:53  Stargate  
  27  3:10  Probe  
  28  3:19  Stalker x2  
  32  3:22  Probe  
  33  3:29  Probe  
  33  3:31  Robotics Facility  
  34  3:51  Stalker x2  
  36  3:55  Shield Battery  
  36  3:57  Probe  
  36  3:58  Shield Battery  
  35  4:04  Probe  
  35  4:09  Probe  
  29  5:01  Stalker x2  
Tags
 
Matchup
PvP
Spawn Locations
Cross Positions
Add a new tag
Caveats
  • Supply blocks, unpowered buildings, or Contaminate may cause inaccurate times.
  • Supply counts are checked every 10 seconds.